cohdb
Replays
Latest Replays
All Replays
Popular Replays
Top Player Replays
Match Explorer
How It Works
Community
CoH3 Stats
Reddit
Sign in to upload your games and track your stats! →
Sign in with Steam
Match 42616787
Unlisted
Match 42616787
Overview
Messages
Build Orders
End
Kettenkrad Recon Vehicle
Construct Infanterie Kompanie
Selects Terror Battlegroup
Selects Machine Gun Camouflage
MG 42 Machine Gun Team
Grenadier Squad
MG 42 Machine Gun Team
MG 42 Bunker
Construct Luftwaffe Kompanie
GrW 34 Mortar Team
221 Scout Car
MG 42 Machine Gun Team
Support Elements
Jäger Squad
Selects Contempt for the Weak
Wirbelwind Flakpanzer
Grenadier Squad
Wirbelwind Flakpanzer
Construct Panzergrenadier Kompanie
Selects Propaganda Leaflet Drop
Pioneer Squad
StuG III G Assault Gun
Selects V1 Rocket Strike
Propaganda Leaflet Drop
Guderian ITA
Adeney
0
0
Comments
sign in to comment!
No comments posted yet!